 Dungeon Crawl Stone Soup version 0.28.0-45-g0d030f2227 (webtiles) character file.

Game seed: 9439955203096628582

25 NinjaNoafa the Grave Robber (level 2, -2/19 HPs)
             Began as a Demonspawn Necromancer on Apr 15, 2022.
             Slain by an adder (3 damage)
             ... on level 2 of the Dungeon.
             The game lasted 00:04:44 (2196 turns).

NinjaNoafa the Grave Robber (DsNe)                  Turns: 2196, Time: 00:04:44

Health: -2/19      AC:  2    Str:  8    XL:     2   Next: 86%
Magic:  0/5        EV: 10    Int: 16    God:
Gold:   32         SH:  9    Dex: 13    Spells: 3/5 levels left

rFire   + + .      SeeInvis .   k - +1 dagger (pain)
rCold   + + .      Faith    .   h - +2 shield of Resistance {rF++ rC++ Will++}
rNeg    . . .      Spirit   .   a - +0 robe
rPois   .          Reflect  .   (helmet restricted)
rElec   .          Harm     .   (no cloak)
rCorr   .          Rampage  .   (no gloves)
Will    +++..                   (no boots)
Stlth   ++........              (no amulet)
HPRegen 0.06/turn               c - ring of willpower
MPRegen 0.09/turn               (no ring)

@: very slightly contaminated
A: antennae 1
a: no special abilities


You were on level 2 of the Dungeon.
You visited 1 branch of the dungeon, and saw 2 of its levels.

You collected 32 gold pieces.

Inventory:

Hand Weapons
 g - a +0 quarterstaff
 k - a +1 dagger of pain (weapon)
Missiles
 i - 36 stones
 m - 6 poisoned darts
Armour
 a - a +0 robe (worn)
 h - the +2 shield of Resistance (worn) {rF++ rC++ Will++}
   (You found it on level 2 of the Dungeon)

   rF:        It greatly protects you from fire.
   rC:        It greatly protects you from cold.
   Will:      It greatly increases your willpower.
Jewellery
 c - a ring of willpower (left hand)
Scrolls
 b - a scroll of fog {unknown}
 j - a scroll of identify {unknown}
 l - a scroll of fear {unknown}
Potions
 d - 3 potions of brilliance {unknown}
 e - a potion of might {unknown}
 f - a potion of degeneration {unknown}


   Skills:
 + Level 2.0 Dodging
 + Level 2.1 Stealth
 + Level 2.2 Spellcasting
 * Level 1.0 Summonings
 + Level 4.6 Necromancy


You had 3 spell levels left.
You knew the following spells:

 Your Spells              Type           Power      Damage    Failure   Level
a - Pain                  Necr           64%        1d7       11%         1
b - Animate Skeleton      Necr           32%        N/A       11%         1

Your spell library contained the following spells:

 Spells                   Type           Power      Damage    Failure   Level
 Vampiric Draining        Necr           16%        2d7       32%         3
 Call Canine Familiar     Summ           5%         N/A       83%         3
 Portal Projectile        Hex/Tloc       2%         N/A       92%         3
 Animate Dead             Necr           8%         N/A       73%         4
 Agony                    Necr           16%        N/A       97%         5
 Leda's Liquefaction      Hex/Erth       0%         N/A       100%        4


Dungeon Overview and Level Annotations

Branches:
Dungeon (2/15)

Altars:


Innate Abilities, Weirdness & Mutations

You have a pair of small antennae on your head.


Message History

Confirm with . or Enter, or press ? or * to list all spells.
Aiming: Pain (safe; 11% risk of failure)
Press: ? - help, Shift-Dir - straight line, f/p - adder
Aim: an adder (heavily wounded, chance to affect: 80%)
The adder writhes in agony.
The adder bites you.
You closely miss the adder.
The adder is almost dead.
The adder bites you.
You are poisoned.
The adder poisons you! The adder bites you but does no damage.
You feel sick.
You see here a sedimented inky potion.
You feel sick. The adder bites you.
* * * LOW HITPOINT WARNING * * *
Casting: Pain (safe; 11% risk of failure)
Confirm with . or Enter, or press ? or * to list all spells.
Aiming: Pain (safe; 11% risk of failure)
Press: ? - help, Shift-Dir - straight line, f/p - adder
Aim: an adder (almost dead, chance to affect: 80%)
The adder barely resists.
* * * LOW HITPOINT WARNING * * *
You feel sick. The adder barely misses you.
Casting: Pain (safe; 11% risk of failure)
Confirm with . or Enter, or press ? or * to list all spells.
Aiming: Pain (safe; 11% risk of failure)
Press: ? - help, Shift-Dir - straight line, f/p - adder
Aim: an adder (almost dead, chance to affect: 80%)
You miscast Pain.
You are very lightly contaminated with residual magic.
Nothing appears to happen.
* * * LOW HITPOINT WARNING * * *
You feel sick.
You are no longer poisoned.
You block the adder's attack.
Casting: Pain (safe; 11% risk of failure)
Confirm with . or Enter, or press ? or * to list all spells.
You don't have enough magic to cast this spell.
You don't have enough magic to cast this spell.
The adder bites you.
You die...

### ..# .. #.#
..... #.#
..... #.#
.....#######@#
.........##S#
.........##g##
###.........#
#.....##..#
#.....##..#
#.....##..#
#.....##..#
#.###.##..#


You could see an adder and a hobgoblin.

Vanquished Creatures
  A dart slug (D:2)
  3 endoplasms
  2 hobgoblins (D:1)
  A quokka (D:2)
  4 ball pythons
  2 bats
  2 frilled lizards
  3 goblins
  2 kobolds
  4 rats
24 creatures vanquished.

Vanquished Creatures (collateral kills)
  A frilled lizard (D:1)
1 creature vanquished.

Grand Total: 25 creatures vanquished

Notes
Turn   | Place    | Note
-------+----------+-------------------------------------------
     0 | D:1      | NinjaNoafa the Demonspawn Necromancer began the quest for
                  | the Orb.
     0 | D:1      | Reached XP level 1. HP: 13/13 MP: 3/3
     2 | D:1      | Learned a level 1 spell: Animate Skeleton
   746 | D:1      | Gained mutation: You have a pair of small antennae on your
                  | head. [demonic ancestry]
   746 | D:1      | Reached XP level 2. HP: 18/19 MP: 3/5
  1597 | D:2      | Found the +2 shield of Resistance {rF++ rC++ Will++}
  2053 | D:2      | Reached skill level 1 in Summonings
  2196 | D:2      | Slain by an adder

Illustrated notes

Levels and vault maps discovered:
D:1:      dpeg_arrival_rooms_a, layout_loops_corners
D:2:      layout_basic, minmay_misc_feat_encased, skrybe_limestone_x, uniq_robin

Skill      XL: |  1  2 |
---------------+-------+-----
Stealth        | 2 |  2.1
Dodging        | 2 |  2.0
Summonings     | 1 |  1.0
Spellcasting   | |  2.2
Necromancy     | |  4.6

Action                   || total
-------------------------++-------
Melee: Unarmed           ||     7
       Dagger            ||     1
 Cast: Pain              ||    44
       Animate Skeleton  ||     9
Armor: Robe              ||     5
Dodge: Dodged            ||    12
Block: Kite shield       ||     4
